 Dungeon Crawl Stone Soup version 0.17.1-2-g5865329 (webtiles) character file.

462 Jerry the Sneak (level 7, 0/43 HPs)
             Began as an Octopode Enchanter on Jan 22, 2016.
             Was a Follower of Dithmenos.
             Slain by TugoseryaHuesosov's ghost (7 damage)
             ... on level 4 of the Dungeon.
             The game lasted 00:19:57 (4023 turns).

Jerry the Sneak (Octopode Enchanter)                Turns: 4023, Time: 00:19:57

Health: 0/43       AC:  1    Str:  7    XL:     7   Next: 7%
Magic:  11/11      EV: 13    Int: 17    God:    Dithmenos [*.....]
Gold:   215        SH:  0    Dex: 15    Spells: 2 memorised, 9 levels left

rFire  . . .     SeeInvis .     s - +4 dagger
rCold  . . .     Clarity  .     (no shield)
rNeg   . . .     SustAt   .     (helmet restricted)
rPois  .         Gourm    .     (no amulet)
rElec  .         Spirit   .     (no ring)
rCorr  .         Warding  .     (no ring)
rMut   .         Stasis   .     (no ring)
MR     .....                    (no ring)
Stlth  +++++.....               (no ring)
                                (no ring)
                                (no ring)
                                (no ring)

@: wreathed by umbra, not resistant to hostile enchantments, quite stealthy
A: almost no armour, amphibious, 8 rings, constrict 8, camouflage 1, gelatinous
body 1
a: Renounce Religion


You were on level 4 of the Dungeon.
You worshipped Dithmenos.
Dithmenos was aware of your devotion.
You were not hungry.

You visited 1 branch of the dungeon, and saw 4 of its levels.

You collected 215 gold pieces.

Inventory:

Hand Weapons
 a - a +1 dagger
 s - a +4 dagger (weapon)
 x - a +0 rapier
 y - a cursed -1 hunting sling
Missiles
 A - 52 stones (quivered)
Scrolls
 d - a scroll of random uselessness {unknown}
 e - 3 scrolls of identify
 g - 2 scrolls of magic mapping {unknown}
 h - a scroll of teleportation {unknown}
 j - 3 scrolls of remove curse {unknown}
 k - 2 scrolls of fear {unknown}
 q - a scroll of fog {unknown}
 r - a scroll of blinking {unknown}
 t - a scroll of enchant weapon {unknown}
 u - a scroll of noise {unknown}
Potions
 f - a potion of heal wounds
 i - a potion of lignification
 m - 2 potions of poison
 n - a potion of ambrosia {unknown}
 o - a potion of brilliance {unknown}
 v - a potion of flight {unknown}
 z - 2 potions of curing {unknown}
 B - a potion of mutation {unknown}
Books
 b - a book of Maledictions

   Spells                             Type                      Level
   a - Corona                         Hexes                        1
   b - Ensorcelled Hibernation        Hexes/Ice                    2
   c - Confuse                        Hexes                        3
   d - Tukima's Dance                 Hexes                        3
   e - Dazzling Spray                 Conjuration/Hexes            3
 l - a book of Transfigurations

   Spells                             Type                      Level
   a - Stoneskin                      Transmutation/Earth          2
   b - Irradiate                      Conjuration/Transmutation    5
   c - Statue Form                    Transmutation/Earth          6
   d - Hydra Form                     Transmutation                6
   e - Dragon Form                    Transmutation                7
Comestibles
 c - 2 bread rations
 p - 2 meat rations
 w - a beef jerky


   Skills:
 - Level 1.0 Fighting
 + Level 3.3 Short Blades
 + Level 3.4 Dodging
 + Level 6.2 Stealth
 - Level 3.3 Spellcasting
 - Level 3.0 Hexes
 + Level 2.2 Transmutations
 + Level 1.2 Earth Magic


You had 9 spell levels left.
You knew the following spells:

 Your Spells              Type           Power        Failure   Level  Hunger
a - Corona                Hex            ##.....      6%          1    None
b - Stoneskin             Trmt/Erth      #.......     14%         2    ##.....


Dungeon Overview and Level Annotations

Branches:
Dungeon (4/15)
 Temple: D:4-7

Altars:
Dithmenos
Makhleb
Trog
Vehumet

Annotations:
D:4 Eustachio; TugoseryaHuesosov's ghost, novice DDEE


Innate Abilities, Weirdness & Mutations

You cannot wear most types of armour.
You are amphibious.
You can wear up to eight rings at the same time.
You can use your tentacles to constrict eight enemies at once.
Your skin changes colour to match your surroundings (Stealth).
Your rubbery body absorbs attacks (AC +1).


Message History

TugoseryaHuesosov's ghost is lightly damaged.
TugoseryaHuesosov's ghost gestures at you while chanting.
The rocky blast hits you!
You hit TugoseryaHuesosov's ghost.
TugoseryaHuesosov's ghost is lightly damaged.
TugoseryaHuesosov's ghost hits you!
You miss TugoseryaHuesosov's ghost.
TugoseryaHuesosov's ghost is lightly damaged.
TugoseryaHuesosov's ghost hits you!
You hit TugoseryaHuesosov's ghost.
TugoseryaHuesosov's ghost is moderately damaged.
You hit TugoseryaHuesosov's ghost.
TugoseryaHuesosov's ghost is moderately damaged.
TugoseryaHuesosov's ghost casts a spell at you.
The rocky blast hits you!
* * * LOW HITPOINT WARNING * * *
You hit TugoseryaHuesosov's ghost but do no damage.
TugoseryaHuesosov's ghost is moderately damaged.
TugoseryaHuesosov's ghost hits you!
You die...

#.#
#.#
#.#
#.#
#.#
#.#
#.#
#.#
#@#
#W#
#.#
#.#
#.#
#.#
#.#
#.#


You could see TugoseryaHuesosov's ghost.

Vanquished Creatures
  Grinder (D:3)
  An ogre (D:4)
  A scorpion (D:4)
  A worker ant (D:4)
  4 gnolls
  An adder (D:3)
  2 worms
  3 giant geckos
  9 bats
  8 goblins
  4 hobgoblins
  7 jackals
  9 kobolds
  2 giant cockroaches
  3 quokkas
  5 rats
61 creatures vanquished.

Notes
Turn   | Place    | Note
--------------------------------------------------------------
     0 | D:1      | Jerry the Octopode Enchanter began the quest for the Orb.
     0 | D:1      | Reached XP level 1. HP: 11/11 MP: 3/3
   105 | D:1      | Reached XP level 2. HP: 10/18 MP: 5/5
   580 | D:1      | Reached XP level 3. HP: 22/22 MP: 6/6
   928 | D:2      | Found a shadowy altar of Dithmenos.
   932 | D:2      | Became a worshipper of Dithmenos the Shadowed
  1642 | D:2      | Reached skill level 1 in Fighting
  1642 | D:2      | Reached XP level 4. HP: 18/28 MP: 8/8
  1646 | D:2      | Learned a level 2 spell: Stoneskin
  1974 | D:2      | Reached skill level 5 in Stealth
  2418 | D:3      | Found a radiant altar of Vehumet.
  2441 | D:3      | Noticed Grinder
  2448 | D:3      | Killed Grinder
  2448 | D:3      | Reached skill level 1 in Transmutations
  2448 | D:3      | Reached XP level 5. HP: 22/33 MP: 9/9
  2448 | D:3      | Reached XP level 6. HP: 25/38 MP: 10/10
  2674 | D:3      | Found a bloodstained altar of Trog.
  3201 | D:3      | Reached * piety under Dithmenos
  3282 | D:3      | Found a burning altar of Makhleb.
  3798 | D:4      | Reached skill level 6 in Stealth
  3798 | D:4      | Reached skill level 1 in Earth Magic
  3812 | D:4      | Reached XP level 7. HP: 37/43 MP: 11/11
  3886 | D:4      | Noticed Eustachio
  4014 | D:4      | Noticed TugoseryaHuesosov's ghost (novice DDEE)
  4023 | D:4      | Slain by TugoseryaHuesosov's ghost

Action                   |  1- 3 |  4- 6 |  7- 9 || total
-------------------------+-------+-------+-------++-------
Melee: Dagger            |    75 |    64 |    12 ||   151
 Cast: Corona            |       |     1 |       ||     1
  Use: Scroll            |     3 |       |       ||     3
 Stab: Sleeping          |    10 |     9 |       ||    19
       Distracted        |     1 |       |       ||     1
  Eat: Chunk             |     2 |     3 |       ||     5
       Bread ration      |       |     1 |       ||     1
